 Dungeon Crawl Stone Soup version 0.22.0 (webtiles) character file.

282 Blackhawk the Shield-Bearer (level 6, -11/53 HPs)
             Began as a Gnoll Fighter on Oct 22, 2018.
             Was an Initiate of Okawaru.
             Killed by divine providence
             ... invoked by an orc priest
              (16 damage)
             ... on level 4 of the Dungeon.
             The game lasted 00:04:44 (2167 turns).

Blackhawk the Shield-Bearer (Gnoll Fighter)         Turns: 2167, Time: 00:04:45

Health: -11/53     AC:  5    Str: 20    XL:     6   Next: 28%
Magic:  8/8        EV: 10    Int: 10    God:    Okawaru [......]
Gold:   162        SH: 11    Dex: 15    Spells: 8/8 levels left

rFire    . . .     SeeInvis .   a - +0 flail
rCold    . . .     Gourm    .   c - +0 shield
rNeg     . . .     Faith    .   i - -1 ring mail (curse)
rPois    .         Spirit   .   (no helmet)
rElec    .         Reflect  .   (no cloak)
rCorr    .         Harm     .   (no gloves)
MR       .....                  (no boots)
Stlth    +.........             (no amulet)
HPRegen  0.17/turn              e - ring of flight
MPRegen  0.11/turn              (no ring)

@: no status effects
A: distributed training, fangs 1, strong nose
a: Renounce Religion, Evoke Flight


You were on level 4 of the Dungeon.
You worshipped Okawaru.
Okawaru was noncommittal.
You were not hungry.

You visited 1 branch of the dungeon, and saw 4 of its levels.

You collected 162 gold pieces.

Inventory:

Hand Weapons
 a - a +0 flail (weapon)
Armour
 b - a +0 scale mail
 c - a +0 shield (worn)
 i - a cursed -1 ring mail (worn)
 w - a scarf of repulsion
Jewellery
 e - a ring of flight (left hand)
 t - a +4 amulet of reflection {unknown}
Scrolls
 h - a scroll of teleportation {unknown}
 j - a scroll of enchant armour {unknown}
 n - 5 scrolls of identify {unknown}
 p - 2 scrolls of enchant weapon {unknown}
 q - a scroll of blinking {unknown}
 s - 2 scrolls of remove curse {unknown}
 u - a scroll of magic mapping {unknown}
Potions
 d - 2 potions of might
 k - 3 potions of cancellation
 l - a potion of agility {unknown}
 m - a potion of curing
 o - 2 potions of haste {unknown}
 r - 2 potions of brilliance {unknown}
 v - 2 potions of flight {unknown}
Comestibles
 f - 9 rations


   Skills:
 + Level 6.8 Fighting
 + Level 1.8 Short Blades
 + Level 1.8 Long Blades
 + Level 1.8 Axes
 + Level 4.9 Maces & Flails
 + Level 1.8 Polearms
 + Level 1.8 Staves
 + Level 1.8 Slings
 + Level 1.8 Bows
 + Level 1.8 Crossbows
 + Level 1.8 Throwing
 + Level 6.8 Armour
 + Level 1.8 Dodging
 + Level 1.8 Stealth
 + Level 6.8 Shields
 + Level 1.8 Unarmed Combat
 + Level 1.8 Spellcasting
 + Level 1.4 Conjurations
 + Level 1.4 Hexes
 + Level 1.4 Charms
 + Level 1.4 Summonings
 + Level 1.4 Necromancy
 + Level 1.4 Translocations
 + Level 1.4 Transmutations
 + Level 1.4 Fire Magic
 + Level 1.4 Ice Magic
 + Level 1.4 Air Magic
 + Level 1.4 Earth Magic
 + Level 1.4 Poison Magic
 + Level 2.0 Invocations
 + Level 1.8 Evocations


You had 8 spell levels left.
You didn't know any spells.
Your spell library was empty.

Dungeon Overview and Level Annotations

Branches:
Dungeon (4/15)
 Temple: D:4-7

Altars:
Ashenzari
Fedhas
Makhleb
Okawaru


Innate Abilities, Weirdness & Mutations

Your experience applies equally to all skills.
You have very sharp teeth.
Your uncanny sense of smell can sniff out nearby items.


Message History

Your experience leads to an increase in your attributes!
Increase (S)trength, (I)ntelligence, or (D)exterity?
You feel stronger.
You closely miss something. Something hits you.
* * * LOW HITPOINT WARNING * * *
You hear some strange, mumbled words.
A puff of flame appears from out of thin air!
The puff of flame hits you!
* * * LOW HITPOINT WARNING * * *
You hit something. You block something's attack.
You miss something. Something hits you but does no damage.
You bludgeon something!! Okawaru accepts your kill.
Reactivating autopickup.
You feel a bit more experienced.
You hit the orc priest.
The orc priest is moderately wounded.
The orc priest calls down the wrath of Beogh upon you.
Beogh smites you!
You die...

#....# #...# #...
#.....#####...# #.## #
#.............#####.##
#.#.......##....#.....))
.......#..#.......###..#
#....#......#...## ##.#
#.#..........### #.#
#.###.##......### #..
#.# #@#.........#####.
#..##o#..######....##.
#......#######..#.##.
##..#..# #........##.
#..##..# #........... ∆
#..##..# #........#..
#.[....# #........#..
#...##.# #>....>.....
.......# #.......##..


You could see an orc priest.

Vanquished Creatures
  A scorpion (D:4)
  An orc wizard (D:4)
  A worker ant (D:4)
  3 gnolls (D:4)
  6 adders
  2 oozes (D:2)
  A worm (D:3)
  3 dart slugs
  7 leopard geckos
  2 orcs (D:4)
  A ball python (D:1)
  4 bats
  2 giant cockroaches
  4 goblins
  7 hobgoblins
  14 jackals
  8 kobolds
  7 frilled lizards
  6 rats
80 creatures vanquished.

Notes
Turn   | Place    | Note
-------+----------+-------------------------------------------
     0 | D:1      | Blackhawk the Gnoll Fighter began the quest for the Orb.
     0 | D:1      | Reached XP level 1. HP: 23/23 MP: 1/1
   126 | D:1      | Reached XP level 2. HP: 29/29 MP: 2/2
   293 | D:1      | Reached XP level 3. HP: 27/35 MP: 3/3
   618 | D:2      | Reached skill level 1 in Invocations
   714 | D:2      | Reached skill level 1 in Short Blades
   714 | D:2      | Reached skill level 1 in Long Blades
   714 | D:2      | Reached skill level 1 in Axes
   714 | D:2      | Reached skill level 1 in Polearms
   714 | D:2      | Reached skill level 1 in Staves
   714 | D:2      | Reached skill level 1 in Slings
   714 | D:2      | Reached skill level 1 in Bows
   714 | D:2      | Reached skill level 1 in Crossbows
   714 | D:2      | Reached skill level 1 in Throwing
   714 | D:2      | Reached skill level 1 in Dodging
   714 | D:2      | Reached skill level 1 in Stealth
   714 | D:2      | Reached skill level 1 in Unarmed Combat
   714 | D:2      | Reached skill level 1 in Spellcasting
   714 | D:2      | Reached skill level 1 in Evocations
   714 | D:2      | Reached XP level 4. HP: 27/41 MP: 5/5
  1026 | D:2      | Reached skill level 1 in Conjurations
  1026 | D:2      | Reached skill level 1 in Hexes
  1026 | D:2      | Reached skill level 1 in Charms
  1026 | D:2      | Reached skill level 1 in Summonings
  1026 | D:2      | Reached skill level 1 in Necromancy
  1026 | D:2      | Reached skill level 1 in Translocations
  1026 | D:2      | Reached skill level 1 in Transmutations
  1026 | D:2      | Reached skill level 1 in Fire Magic
  1026 | D:2      | Reached skill level 1 in Ice Magic
  1026 | D:2      | Reached skill level 1 in Air Magic
  1026 | D:2      | Reached skill level 1 in Earth Magic
  1026 | D:2      | Reached skill level 1 in Poison Magic
  1408 | D:3      | Found a blossoming altar of Fedhas.
  1528 | D:3      | Reached XP level 5. HP: 41/47 MP: 6/6
  1631 | D:3      | Found a shattered altar of Ashenzari.
  1709 | D:3      | Found an iron altar of Okawaru.
  1727 | D:3      | Became a worshipper of Warmaster Okawaru
  1820 | D:3      | Found a burning altar of Makhleb.
  1820 | D:3      | Noticed a green death
  2162 | D:4      | Reached XP level 6. HP: 12/53 MP: 8/8
  2167 | D:4      | Killed from afar by an orc priest

Skill      XL: |  1  2  3  4  5 |
---------------+----------------+-----
Invocations    | 1 2 |  2.0
Short Blades   | 1 |  1.8
Long Blades    | 1 |  1.8
Axes           | 1 |  1.8
Polearms       | 1 |  1.8
Staves         | 1 |  1.8
Slings         | 1 |  1.8
Bows           | 1 |  1.8
Crossbows      | 1 |  1.8
Throwing       | 1 |  1.8
Dodging        | 1 |  1.8
Stealth        | 1 |  1.8
Unarmed Combat | 1 |  1.8
Spellcasting   | 1 |  1.8
Evocations     | 1 |  1.8
Conjurations   | 1 |  1.4
Hexes          | 1 |  1.4
Charms         | 1 |  1.4
Summonings     | 1 |  1.4
Necromancy     | 1 |  1.4
Translocations | 1 |  1.4
Transmutations | 1 |  1.4
Fire Magic     | 1 |  1.4
Ice Magic      | 1 |  1.4
Air Magic      | 1 |  1.4
Earth Magic    | 1 |  1.4
Poison Magic   | 1 |  1.4
Fighting       | |  6.8
Maces & Flails | |  4.9
Armour         | |  6.8
Shields        | |  6.8

Action                   |  1- 3 |  4- 6 || total
-------------------------+-------+-------++-------
Melee: Flail             |   101 |   136 ||   237
       Bite              |     8 |    15 ||    23
  Use: Potion            |       |     2 ||     2
 Stab: Sleeping          |       |     1 ||     1
  Eat: Chunk             |       |     4 ||     4
Armor: Scale mail        |     3 |       ||     3
       Ring mail         |    25 |    45 ||    70
Dodge: Dodged            |    42 |    63 ||   105
Block: Shield            |    56 |    88 ||   144
